 Dungeon Crawl Stone Soup version 0.30.0-13-g156ef70053 (webtiles) character file.

Game seed: 6229900000958349403

3790 browni3141 the Blocker (level 9, -3/82 HPs)
             Began as a Minotaur Fighter on May 17, 2023.
             Was an Initiate of Okawaru.
             Slain by a red ugly thing (10 damage)
             ... on level 7 of the Dungeon.
             The game lasted 00:05:17 (6022 turns).

browni3141 the Blocker (Minotaur Fighter)           Turns: 6022, Time: 00:05:17

Health: -3/82      AC: 16    Str: 29    XL:     9   Next: 95%
Magic:  6/8        EV: 14    Int:  5    God:    Okawaru [......]
Gold:   479        SH:  7    Dex: 14    Spells: 8/8 levels left

rFire   + . .        x - +3 war axe (heavy)
rCold   x . .        c - +0 buckler
rNeg    . . .        F - +0 chain mail {rF+}
rPois   +            (helmet restricted)
rElec   +            P - +0 cloak
rCorr   .            X - +0 pair of gloves of Indemnity {rElec rPois rC- Str+2}
SInv    .            (no boots)
Will    .....        (no amulet) Stlth
                     Z - +6 ring of strength
HPRegen 0.33/turn    (no ring)
MPRegen 0.11/turn

%: no passive effects
@: heroic
A: horns 2, retaliatory headbutt
a: Renounce Religion


You were on level 7 of the Dungeon.
You worshipped Okawaru.
Okawaru was noncommittal.
You visited 2 branches of the dungeon, and saw 8 of its levels.
You also visited: Sewer.

You collected 479 gold pieces.

Inventory:

Hand Weapons
 a - a +0 war axe
 x - a +3 heavy war axe (weapon)
Armour
 b - a +0 scale mail
 c - a +0 buckler (worn)
 F - a +0 chain mail of fire resistance (worn)
 P - a +0 cloak (worn)
 X - the +0 pair of gloves of Indemnity (worn) {rElec rPois rC- Str+2}
   (You found it on level 2 of the Dungeon)

   Str:       It affects your strength (+2).
   rC:        It makes you vulnerable to cold.
   rElec:     It insulates you from electricity.
   rPois:     It protects you from poison.
Jewellery
 Z - a +6 ring of strength (left hand)
Wands
 p - a wand of polymorph (13)
 z - a wand of roots (13)
 A - a wand of acid (6)
 H - a wand of charming (8)
Scrolls
 w - a scroll of enchant weapon {unknown}
 y - a scroll of amnesia {unknown}
 G - a scroll of noise {unknown}
 I - a scroll of acquirement {unknown}
 K - 2 scrolls of poison {unknown}
 L - 2 scrolls of silence {unknown}
 N - 2 scrolls of summoning {unknown}
 O - 3 scrolls of teleportation
 Q - 2 scrolls of brand weapon {unknown}
 R - 9 scrolls of identify {unknown}
 S - 2 scrolls of vulnerability {unknown}
 U - a scroll of magic mapping {unknown}
 W - 2 scrolls of blinking
 Y - a scroll of fog {unknown}
Potions
 q - a potion of haste {unknown}
 B - a potion of degeneration {unknown}
 C - 3 potions of curing
 D - a potion of lignification {unknown}
 E - 3 potions of heal wounds {unknown}
 J - 3 potions of invisibility {unknown}
 M - a potion of might
 T - 2 potions of brilliance {unknown}
 V - a potion of magic {unknown}


   Skills:
 + Level 8.5(13.5) Fighting
 + Level 8.0(13.0) Axes
 + Level 8.5(13.5) Armour
 + Level 6.9(11.9) Dodging
 + Level 8.6(13.6) Shields


You had 8 spell levels left.
You didn't know any spells.
Your spell library contained the following spells:

 Spells                   Type           Power      Damage    Failure   Level
 Magic Dart               Conj           0%         1d3       87%         1
 Blink                    Tloc           0%         N/A       95%         2
 Mephitic Cloud           Conj/Pois/Air  0%         N/A       99%         3
 Ozocubu's Armour         Ice            0%         N/A       99%         3
 Manifold Assault         Tloc           0%         N/A       100%        4
 Orb of Destruction       Conj           0%         9d5       100%        7
 Ozocubu's Refrigeration  Ice            0%         4d7       100%        7
 Storm Form               Tmut/Air       0%         N/A       100%        7
 Call Imp                 Summ           Unusable   N/A       N/A         2
 Summon Guardian Golem    Hex/Summ       Unusable   N/A       N/A         3
 Spellforged Servitor     Conj/Summ      Unusable   N/A       N/A         7

Dungeon Overview and Level Annotations

Branches:
Dungeon (7/15)             Temple (1/1) D:7           Sewer (visited)

Altars:
Ashenzari
Cheibriados
Dithmenos
Elyvilon
Fedhas
Gozag
Kikubaaqudgha
Makhleb
Nemelex Xobeh
Okawaru
Qazlal
Ru
Sif Muna
Uskayaw
Vehumet
Wu Jian
Xom
Yredelemnul
Zin
The Shining One


Innate Abilities, Weirdness & Mutations

You have a pair of horns on your head.
You reflexively headbutt those who attack you in melee.


Message History

A two-headed ogre is nearby!
A two-headed ogre is nearby!
A vampire comes into view.
Aiming: Corrosive Bolt
Press: ? - help, Shift-Dir - straight line, f - vampire
Aim: a vampire (71% to hit)
The bolt of acid hits the two-headed ogre!
The acid corrodes the two-headed ogre!
The two-headed ogre is moderately wounded.
The bolt of acid misses the vampire.
You slice the two-headed ogre!!
The two-headed ogre is severely wounded.
You block the two-headed ogre's attack. The two-headed ogre barely misses you.
An orc priest comes into view.
It is wielding a +0 dagger and wearing the ring "Ywuuseargh" {rElec rCorr MP+9 Str+2 Int+4}.
A cyclops comes into view.
The orc priest miscasts a cantrip.
You slash the two-headed ogre!
The two-headed ogre is almost dead.
The two-headed ogre hits you with a +0 giant spiked club!!
You block the two-headed ogre's attack.
Aiming: Corrosive Bolt
Press: ? - help, Shift-Dir - straight line, f - cyclops, p - vampire
Aim: a cyclops, quivering large rocks (98% to hit)
The bolt of acid hits the two-headed ogre!
You kill the two-headed ogre!
Okawaru is honoured by your kill.
You can now gain great but temporary skills.
The bolt of acid hits the vampire.
The acid corrodes the vampire!
The vampire is lightly damaged.
The bolt of acid hits the orc priest.
The orc priest is heavily wounded.
The bolt of acid hits the cyclops!
The cyclops is moderately wounded.
A manticore comes into view.
The vampire gestures wildly while chanting.
The vampire flickers and vanishes!
Deactivating autopickup; reactivate with Ctrl-A.
Your Axes skill increases to level 8!
Something hits you. Something bites you!
Something draws strength from your injuries!
Things that are here:
a +0 giant spiked club; a +0 giant club; a two-headed ogre corpse You hit something.
Something hits you but does no damage. You block something's attack.
A shadow comes into view.
Something hits you! Something bites you but does no damage.
The orc priest begins to cast a cantrip, but forgets the words!
Something hits you! Something bites you!
Something draws strength from your injuries!
Something barely misses you. Something bites you!
Something draws strength from your injuries!
It was a potion of curing.
You feel better.
C - 3 potions of curing;
J - 3 orange potions Something hits you!
Something bites you!
Something draws strength from your injuries!
Blink to where?
Press: ? - help, Dir - move target
As you read the scroll of blinking, it crumbles to dust.
As you read the scroll labelled ODADACZ PIMM, it crumbles to dust.
You feel strangely unstable.
It was a scroll of teleportation.
Unknown command.
Unknown command.
You start resting.
There is a strange disturbance nearby!
There is a strange disturbance nearby!
There is a strange disturbance nearby!
Your surroundings suddenly seem different.
A red ugly thing comes into view.
Aiming: Fastroot
Press: ? - help, Shift-Dir - straight line, f - red ugly thing
Aim: a red ugly thing (wandering, hasn't noticed you)
The roots erupt in riotous growth!
The red ugly thing gurgles horribly!
Roots grab the red ugly thing.
The grasping roots constrict the red ugly thing.
You hear a shout! x2
The red ugly thing gores you but does no damage.
Unknown command.
You gain the combat prowess of a mighty hero.
You can no longer gain great but temporary skills.
The grasping roots constrict the red ugly thing.
The roots release their grip on the red ugly thing.
The red ugly thing gores you but does no damage.
You chop the red ugly thing into pieces!!!
The red ugly thing is severely wounded.
The red ugly thing gores you but does no damage.
You closely miss the red ugly thing.
The red ugly thing is severely wounded.
The red ugly thing gores you but does no damage.
You closely miss the red ugly thing.
The red ugly thing is severely wounded.
The red ugly thing gores you but does no damage.
The red ugly thing gores you.
You are engulfed in flames!
You resist.
You barely miss the red ugly thing.
The red ugly thing is severely wounded.
The red ugly thing gores you but does no damage.
You closely miss the red ugly thing.
The red ugly thing is severely wounded.
The red ugly thing gores you.
You are engulfed in flames!
You resist.
You die...

#.##.########
#o##........#
...##.#..###
#C##........#
...##.'..'.#
.W.##.#.#####
.#..###..#.# ### #...#
#.#.######.# ##.##
.#...##...## ##..#
#.#..##.### #.##.#
.#.#..##.# #.###u# #.#
......##.# #..@# #.#
######..## ##### #.#
#####################.#
......................#
.#####....†..........##
.....[.###############
######.# ###


You could see a red ugly thing.

Vanquished Creatures
  A two-headed ogre (D:7)
  Menkaure (D:7)
  Edmund (D:6)
  A water moccasin (D:7)
  2 orc warriors
  A sky beast (D:7)
  An ice beast (D:7)
  An ogre (D:7)
  2 centaurs
  3 phantoms
  5 bullfrogs
  4 scorpions
  5 wights (D:6)
  2 howler monkeys (D:7)
  2 gnoll boudas
  6 jellies
  3 hounds
  5 orc priests
  A sleepcap (D:7)
  Crazy Yiuf (D:2)
  3 iguanas
  7 orc wizards
  8 adders
  11 gnolls
  A river rat (D:3)
  A shadow imp (D:6)
  3 ufetubi
  4 worms
  A dart slug (D:2)
  25 orcs
  An endoplasm (D:4)
  13 giant cockroaches
  8 hobgoblins
  4 jackals (D:1)
  10 quokkas
  11 ball pythons
  5 bats
  10 frilled lizards
  14 goblins
  5 kobolds
  5 rats
198 creatures vanquished.

Notes
Turn   | Place    | Note
-------+----------+-------------------------------------------
     0 | D:1      | browni3141 the Minotaur Fighter began the quest for the
                  | Orb.
     0 | D:1      | Reached XP level 1. HP: 19/19 MP: 0/0
    80 | D:1      | Reached XP level 2. HP: 27/27 MP: 1/1
   331 | D:1      | Reached XP level 3. HP: 33/33 MP: 2/2
   574 | D:2      | Found a white marble altar of Elyvilon.
   853 | D:2      | Reached skill level 3 in Axes
   924 | D:2      | Identified the +0 pair of gloves of Indemnity {rElec rPois
                  | rC- Str+2}
   984 | D:2      | Found a faded altar of an unknown god.
  1416 | D:2      | Found a runed translucent door.
  1417 | D:2      | Noticed Crazy Yiuf
  1488 | D:2      | Killed Crazy Yiuf
  1489 | D:2      | Reached XP level 4. HP: 23/40 MP: 3/3
  1583 | D:3      | Found a sparkling altar of Nemelex Xobeh.
  1673 | D:3      | Found a glowing drain.
  1700 | Sewer    | Entered a sewer
  1719 | Sewer    | Reached XP level 5. HP: 46/47 MP: 4/4
  1948 | Sewer    | Identified the staff of air "Avvy" {rElec rC+ Str-4 Int+2}
  1954 | Sewer    | Reached XP level 6. HP: 50/55 MP: 5/5
  2569 | D:4      | Reached skill level 3 in Dodging
  2857 | D:4      | You fall into a shaft and drop 1 floor!
  2857 | D:5      | Entered Level 5 of the Dungeon
  2905 | D:5      | Reached XP level 7. HP: 60/61 MP: 6/6
  2916 | D:5      | Found a hide-covered altar of Uskayaw.
  3306 | D:4      | Found a sacrificial altar of Ru.
  3515 | D:5      | Reached skill level 6 in Shields
  3672 | D:5      | Reached skill level 6 in Fighting
  3719 | D:5      | Reached skill level 6 in Armour
  3923 | D:6      | Reached XP level 8. HP: 52/69 MP: 7/7
  4183 | D:6      | Found a blossoming altar of Fedhas.
  4380 | D:6      | Identified the +0 leather armour of Tabexith {rF+ rC+ MP+9
                  | Int-5 SInv}
  4457 | D:6      | Reached skill level 6 in Axes
  4464 | D:6      | Noticed Edmund
  4469 | D:6      | Killed Edmund
  4621 | D:6      | Identified the +3 short sword of the Transmuting Gods
                  | {speed, Drain rF++}
  5062 | D:6      | Reached XP level 9. HP: 75/79 MP: 8/8
  5173 | D:7      | Found a glowing silver altar of Zin.
  5193 | D:7      | Found a staircase to the Ecumenical Temple.
  5246 | D:7      | Noticed Menkaure
  5250 | D:7      | Killed Menkaure
  5251 | D:7      | Reached skill level 6 in Dodging
  5276 | Temple   | Entered the Ecumenical Temple
  5453 | D:7      | Found an opulent altar of Gozag.
  5460 | D:7      | Found a radiant altar of Vehumet.
  5464 | D:7      | Found a stormy altar of Qazlal.
  5468 | D:7      | Found a broken altar of Ashenzari.
  5475 | D:7      | Found an iron altar of Okawaru.
  5529 | D:7      | Became a worshipper of Warmaster Okawaru
  5749 | D:7      | Found a runed translucent door.
  5749 | D:7      | Found a runed translucent door.
  5961 | D:7      | Noticed a two-headed ogre
  5965 | D:7      | Identified the ring "Ywuuseargh" {rElec rCorr MP+9 Str+2
                  | Int+4}
  5965 | D:7      | Noticed a cyclops
  5967 | D:7      | Killed a two-headed ogre
  5967 | D:7      | Reached * piety under Okawaru
  5967 | D:7      | Noticed a manticore
  6015 | D:7      | Noticed a red ugly thing
  6022 | D:7      | Slain by a red ugly thing

Illustrated notes

Levels and vault maps discovered:
D:1:      minmay_arrival_split_and_join, layout_rooms,
          chequers_serial_rivers_micro_e, minmay_distorted
D:2:      layout_basic, shapermc_ecumenical_altar_venn, basic_altar,
          uniq_crazy_yiuf_cottage
D:3:      layout_rooms, amcnicky_altar_gilded, cheibrodos_sewer_entry_sluice,
          grunt_decor_arrowhead, kennysheep_generic_room_14
D:4:      kennysheep_big_flooded_room, layout_rooms,
          nicolae_ru_the_path_less_chosen
D:5:      layout_rooms, mainiacjoe_overflow_tiny_flanked
D:6:      layout_basic, fedhas_bush_and_centaur_altar, corexii_shack,
          uniq_edmund
D:7:      minmay_the_grid_triangle_9x9_rhombus_full
          [minmay_the_grid_triangle_9x9_corruption,
          minmay_the_grid_triangle_9x9_limited_checkers,
          minmay_the_grid_triangle_9x9_checkered,
          minmay_the_grid_triangle_9x9_steps,
          minmay_the_grid_triangle_9x9_thin_v,
          minmay_the_grid_triangle_9x9_corrupted_corridor,
          minmay_the_grid_triangle_9x9_tough_junction,
          minmay_the_grid_triangle_9x9_prize_special], layout_rooms,
          nicolae_overflow_hallway_of_the_gods, general_overflow_altar,
          uniq_menkaure
Temple:   eino_wide_crystal_templ

Skill      XL: |  1  2  3  4  5  6  7  8  9 |
---------------+----------------------------+-----
Dodging        | 1 2 3 4 5 6 |  6.9
Armour         | 4 5 6 7 8 |  8.5
Shields        | 4 5 6 7 8 |  8.6
Fighting       | 4 5 6 7 8 |  8.5
Axes           | 3 4 5 6 8 |  8.0

Action                     |  1- 3 |  4- 6 |  7- 9 || total
---------------------------+-------+-------+-------++-------
  Melee: War axe           |    98 |   159 |   172 ||   429
         Headbutt          |     8 |    24 |    31 ||    63
         Unarmed           |       |    14 |       ||    14
 Invoke: Heroism           |       |       |     1 ||     1
  Evoke: Wand              |       |       |     3 ||     3
    Use: Scroll            |       |       |     2 ||     2
         Potion            |       |       |     1 ||     1
 Armour: Scale mail        |    46 |    88 |       ||   134
         Skin              |       |     2 |       ||     2
         Chain mail        |       |     7 |   114 ||   121
  Dodge: Dodged            |    61 |    69 |   120 ||   250
  Block: Buckler           |    30 |    48 |    57 ||   135
